 Dungeon Crawl Stone Soup version 0.29.1-15-g9cfb28693d (webtiles) character file.

Game seed: 13792501186972213768

752 Artool the Grave Robber (level 7, -1/46 HPs)
             Began as a Demonspawn Necromancer on Apr 6, 2023.
             Was a Follower of Fedhas.
             Slain by Ijyb
             ... wielding a +3 dagger of venom
              (5 damage)
             ... on level 4 of the Dungeon.
             The game lasted 00:24:48 (3728 turns).

Artool the Grave Robber (Demonspawn Necromancer)    Turns: 3728, Time: 00:24:48

Health: -1/46      AC:  6    Str:  8    XL:     7   Next: 49%
Magic:  12/14      EV: 14    Int: 18    God:    Fedhas [*.....]
Gold:   263        SH:  0    Dex: 20    Spells: 14/15 levels left

rFire   . . .      SeeInvis .   (no weapon)
rCold   . . .      Faith    .   (no shield)
rNeg    . . .      Spirit   .   w - +1 leather armour "Hunom" {Fly}
rPois   +          Reflect  .   (no helmet)
rElec   .          Harm     .   c - +0 cloak
rCorr   .          Rampage  .   (no gloves)
Will    .....                   s - +0 pair of boots
Stlth   +++.......              h - amulet of magic regeneration
HPRegen 0.15/turn               u - +6 ring of dexterity
MPRegen 0.54/turn               n - ring of poison resistance

@: lethally poisoned (-1 -> -3), flying
A: repulsion field 1, demonic guardian 1, condensation shield
a: Renounce Religion


You were on level 4 of the Dungeon.
You worshipped Fedhas.
Fedhas was aware of your devotion.
You visited 1 branch of the dungeon, and saw 5 of its levels.
You also visited: Sewer.

You collected 263 gold pieces.

Inventory:

Hand Weapons
 q - a +2 vorpal flail
Armour
 a - a +0 robe
 c - a +0 cloak (worn)
 s - a +0 pair of boots (worn)
 w - the +1 leather armour "Hunom" (worn) {Fly}
   (You found it in a sewer)

   Fly:       It grants you flight.
Jewellery
 h - an amulet of magic regeneration (around neck)
 j - an amulet of magic regeneration
 n - a ring of poison resistance (right hand)
 u - a +6 ring of dexterity (left hand)
Wands
 l - a wand of roots (12)
Scrolls
 g - a scroll of fog {unknown}
 i - a scroll of vulnerability {unknown}
 m - a scroll of enchant armour {unknown}
 p - 2 scrolls of immolation {unknown}
 t - a scroll of identify {unknown}
 v - a scroll of blinking
 y - a scroll of teleportation {unknown}
Potions
 b - a potion of magic
 d - 7 potions of curing {unknown}
 e - a potion of invisibility {unknown}
 f - a potion of cancellation {unknown}
 k - a potion of flight {unknown}
 o - a potion of might {unknown}
 r - 2 potions of mutation {unknown}
 x - a potion of lignification {unknown}
 z - a potion of attraction {unknown}


   Skills:
 - Level 1.9 Dodging
 + Level 5.1 Stealth
 + Level 4.7 Spellcasting
 + Level 6.8 Necromancy


You had 14 spell levels left.
You knew the following spells:

 Your Spells              Type           Power      Damage    Failure   Level
a - Necrotise             Necr           100%       1d9       1%          1

Your spell library contained the following spells:

 Spells                   Type           Power      Damage    Failure   Level
 Vampiric Draining        Necr           28%        2d8       3%          3
 Animate Dead             Necr           28%        N/A       12%         4
 Agony                    Necr           28%        N/A       32%         5
 Olgreb's Toxic Radiance  Pois           4%         N/A       89%         4
 Ozocubu's Refrigeration  Ice            2%         4d7       100%        7
 Ignition                 Fire           2%         3d3       100%        8


Dungeon Overview and Level Annotations

Branches:
Dungeon (5/15)              Sewer (visited)
 Temple: D:4-7

Altars:
Fedhas

Annotations:
D:4 Ijyb
D:5 Pikel


Innate Abilities, Weirdness & Mutations

You are surrounded by a mild repulsion field. (EV +2)
A weak demonic guardian rushes to your aid.
A meltable shield of frost defends you. (SH +0)


Message History

Press: ? - help, Shift-Dir - straight line, f/p - Ijyb
Aim: Ijyb, wielding a +3 dagger of venom, wearing a +0 leather armour and carrying a wand of flame (12) (moderately wounded, chance to affect: 88%) Ijyb writhes in agony.
You feel very sick. Ijyb hits you but does no damage.
Casting: Necrotise (safe; 1% risk of failure)
Confirm with . or Enter, or press ? or * to list all spells.
Aiming: Necrotise (safe; 1% risk of failure)
Press: ? - help, Shift-Dir - straight line, f/p - Ijyb
Aim: Ijyb, wielding a +3 dagger of venom, wearing a +0 leather armour and carrying a wand of flame (12) (moderately wounded, chance to affect: 88%) Ijyb writhes in agony.
You feel sick. Ijyb misses you.
Unknown command.
Casting: Necrotise (safe; 1% risk of failure)
Confirm with . or Enter, or press ? or * to list all spells.
Aiming: Necrotise (safe; 1% risk of failure)
Press: ? - help, Shift-Dir - straight line, f/p - Ijyb
Aim: Ijyb, wielding a +3 dagger of venom, wearing a +0 leather armour and carrying a wand of flame (12) (severely wounded, chance to affect: 88%) Ijyb barely resists.
You feel sick.
Ijyb zaps a wand.
The puff of flame misses you.
Casting: Necrotise (safe; 1% risk of failure)
Confirm with . or Enter, or press ? or * to list all spells.
Aiming: Necrotise (safe; 1% risk of failure)
Press: ? - help, Shift-Dir - straight line, f/p - Ijyb
Aim: Ijyb, wielding a +3 dagger of venom, wearing a +0 leather armour and carrying a wand of flame (11) (severely wounded, chance to affect: 88%) Ijyb writhes in agony.
You feel sick. Ijyb closely misses you.
Casting: Necrotise (safe; 1% risk of failure)
Confirm with . or Enter, or press ? or * to list all spells.
Aiming: Necrotise (safe; 1% risk of failure)
Press: ? - help, Shift-Dir - straight line, f/p - Ijyb
Aim: Ijyb, wielding a +3 dagger of venom, wearing a +0 leather armour and carrying a wand of flame (11) (severely wounded, chance to affect: 88%) Ijyb writhes in agony.
You feel sick.
Ijyb zaps a wand.
The puff of flame hits you!
Your condensation shield dissipates!
* * * LOW HITPOINT WARNING * * *
A demonic guardian appears!
You feel sick. Ijyb attacks as you move away!
Ijyb hits you with a +3 dagger of venom.
You die...
Fedhas appreciates your contribution to the ecosystem.

#......#..........#....######
#..##..##...##....#....#
#..##..##...##....#....#
#..#........#.....#....# #
#..#........#..)..#....# #
#..+...##...##....#....# #
#..###+##'####....#....# #
#..##..##.........#....# #
#...........@g....###### #
#......##...##5....#
#..##..#######.....#
#..##..##.........##
#..##..............#
#..##.......######.#
#..##..##...#......#
#..##..##...#......#
#..'......<.#......#


You could see Ijyb (ally target) and a friendly quasit (summoned).

Vanquished Creatures
  An ogre (D:4)
  A scorpion (D:4)
  A bullfrog (Sewer)
  A hound (D:4)
  An orc priest (D:4)
  2 iguanas
  Terence (D:3)
  An orc wizard (D:4)
  8 adders
  4 dart slugs
  3 orcs (D:4)
  5 ball pythons
  6 endoplasms
  6 giant cockroaches
  A goblin (D:1)
  7 hobgoblins
  3 kobolds (D:1)
  6 quokkas
  5 bats
  5 frilled lizards
  3 rats
71 creatures vanquished.

Vanquished Creatures (collateral kills)
  Sigmund (D:3)
  A bullfrog (Sewer)
  A ball python (Sewer)
  4 giant cockroaches
  2 goblins (D:1)
  A hobgoblin (D:3)
  2 frilled lizards (Sewer)
12 creatures vanquished.

Grand Total: 83 creatures vanquished

Notes
Turn   | Place    | Note
-------+----------+-------------------------------------------
     0 | D:1      | Artool the Demonspawn Necromancer began the quest for the
                  | Orb.
     0 | D:1      | Reached XP level 1. HP: 13/13 MP: 3/3
   175 | D:1      | Gained mutation: A meltable shield of frost defends you.
                  | (SH +0) [demonic ancestry]
   175 | D:1      | Reached XP level 2. HP: 19/19 MP: 0/5
   881 | D:1      | Gained mutation: A weak demonic guardian rushes to your
                  | aid. [demonic ancestry]
   881 | D:1      | Reached XP level 3. HP: 24/24 MP: 3/6
   957 | D:2      | Found a faded altar of an unknown god.
  1466 | D:2      | Found a blossoming altar of Fedhas.
  1472 | D:2      | Became a worshipper of Fedhas Madash
  2021 | D:3      | Reached skill level 5 in Necromancy
  2048 | D:3      | Noticed Sigmund
  2060 | D:3      | Gained mutation: You are surrounded by a mild repulsion
                  | field. (EV +2) [demonic ancestry]
  2060 | D:3      | Reached XP level 4. HP: 30/30 MP: 5/8
  2079 | D:3      | Killed Sigmund
  2080 | D:3      | Reached XP level 5. HP: 35/35 MP: 5/10
  2125 | D:3      | Noticed Terence
  2134 | D:3      | Killed Terence
  2135 | D:3      | Reached XP level 6. HP: 34/41 MP: 7/11
  2231 | D:3      | You fall into a shaft and drop 1 floor!
  2490 | D:4      | Found a glowing drain.
  2495 | Sewer    | Entered a sewer
  2544 | Sewer    | Reached skill level 6 in Necromancy
  2572 | Sewer    | Reached * piety under Fedhas
  2718 | Sewer    | Identified the +1 leather armour "Hunom" {Fly}
  3034 | D:4      | Reached XP level 7. HP: 46/46 MP: 9/13
  3436 | D:4      | Reached skill level 5 in Stealth
  3708 | D:5      | Entered Level 5 of the Dungeon
  3709 | D:5      | Noticed Ijyb
  3715 | D:5      | Noticed Pikel
  3728 | D:4      | Slain by Ijyb

Illustrated notes

Levels and vault maps discovered:
D:1:      lemuel_arrival_hallway, layout_basic, amcnicky_mini_corridor_feature,
          item_on_display_a
D:2:      layout_loops_corners, basic_altar, nicolae_ecumenical_pavilion
D:3:      layout_rooms, mainiacjoe_overflow_divided_tiny, uniq_sigmund,
          uniq_terence
D:4:      layout_gridville, portal_sewer_entry_e, dreamdust_wishing_well
D:5:      kennysheep_windowed_halls, layout_rooms, dk_noncrumbling_3,
          uniq_pikel, uniq_ijyb

Skill      XL: |  1  2  3  4  5  6  7 |
---------------+----------------------+-----
Stealth        | 2 3 4 5 |  5.1
Necromancy     | 5 6 |  6.8
Spellcasting   | 3 4 |  4.7
Dodging        | |  1.9

Action                   |  1- 3 |  4- 6 |  7- 9 || total
-------------------------+-------+-------+-------++-------
Melee: Unarmed           |    20 |       |       ||    20
 Cast: Necrotise         |    59 |    69 |    40 ||   168
 Stab: Distracted        |     2 |       |       ||     2
Armor: Robe              |    10 |    13 |       ||    23
       Leather armour    |       |     1 |     4 ||     5
Dodge: Dodged            |    35 |    38 |    10 ||    83
Block: Other             |    10 |     7 |     2 ||    19
